 Dungeon Crawl Stone Soup version 0.28.0-45-g0d030f2227 (webtiles) character file.

Game seed: 4417295948693145351

532 protoss039 the Skirmisher (level 7, 54/54 HPs)
             Began as a Demonspawn Earth Elementalist on May 28, 2022.
             Got out of the dungeon alive.
             The game lasted 00:08:57 (5473 turns).

protoss039 the Skirmisher (DsEE)                    Turns: 5473, Time: 00:08:57

Health: 54/54      AC:  8    Str:  9    XL:     7   Next: 3%
Magic:  12/12      EV: 11    Int: 18    God:
Gold:   161        SH:  0    Dex: 13    Spells: 6/12 levels left

rFire   . . .      SeeInvis .   a - +0 spear
rCold   . . .      Faith    .   (no shield)
rNeg    . . .      Spirit   .   j - +3 leather armour
rPois   .          Reflect  .   (helmet restricted)
rElec   .          Harm     .   (no cloak)
rCorr   .          Rampage  .   h - +0 pair of gloves
Will    +....                   k - +0 pair of boots
Stlth   ++........              (no amulet)
HPRegen 0.18/turn               b - ring of willpower
MPRegen 0.13/turn               (no ring)

@: no status effects
A: antennae 1, powered by death 3, demonic touch 1
a: no special abilities


You escaped.
You visited 1 branch of the dungeon, and saw 4 of its levels.

You collected 161 gold pieces.

Inventory:

Hand Weapons
 a - a +0 spear (weapon)
 n - a +0 short sword
Missiles
 c - 53 stones
Armour
 h - a +0 pair of gloves (worn)
 j - a +3 leather armour (worn)
 k - a +0 pair of boots (worn)
Jewellery
 b - a ring of willpower (left hand)
 o - a +6 ring of strength
Wands
 p - a wand of iceblast (10)
Scrolls
 d - 4 scrolls of identify {unknown}
 e - a scroll of magic mapping {unknown}
 f - a scroll of blinking {unknown}
 m - a scroll of enchant armour {unknown}
Potions
 g - a potion of magic {unknown}
 i - 3 potions of curing {unknown}
 l - 2 potions of attraction {unknown}


   Skills:
 * Level 4.1 Fighting
 + Level 2.4 Armour
 - Level 1.7 Dodging
 - Level 1.7 Stealth
 + Level 3.4 Spellcasting
 + Level 2.5 Conjurations
 - Level 1.0 Transmutations
 + Level 3.8 Earth Magic


You had 6 spell levels left.
You knew the following spells:

 Your Spells              Type           Power      Damage    Failure   Level
a - Sandblast             Erth           32%        2d9       4%          1
b - Passwall              Tmut/Erth      9%         N/A       12%         2
c - Stone Arrow           Conj/Erth      28%        3d8       17%         3

Your spell library contained the following spells:

 Spells                   Type           Power      Damage    Failure   Level
 Ensorcelled Hibernation  Hex/Ice        6%         N/A       32%         2
 Swiftness                Air            3%         N/A       54%         3
 Petrify                  Tmut/Erth      11%        N/A       61%         4


Dungeon Overview and Level Annotations

Branches:
Dungeon (4/15)
 Temple: D:4-7

Altars:

Shops:
D:2 (   D:3 =

Annotations:
D:4 2 transporters, MisterFreud's ghost, amateur PaFi


Innate Abilities, Weirdness & Mutations

You have a pair of small antennae on your head.
You regenerate a lot of health from kills.
Your touch may inflict minor irresistible damage on your foes.


Message History

The wight hits you with a +0 short sword.
You feel drained.
Casting: Sandblast (safe; 4% risk of failure)
Confirm with . or Enter, or press ? or * to list all spells.
Aiming: Sandblast (safe; 4% risk of failure)
Press: ? - help, Shift-Dir - straight line, f - wight
Aim: a wight, wielding a +0 short sword, wearing a +0 robe and wearing a ring of willpower (moderately damaged, 79% to hit)
The blast of sand hits the wight.
The wight is heavily damaged.
The wight hits you but does no damage.
Casting: Sandblast (safe; 4% risk of failure)
Confirm with . or Enter, or press ? or * to list all spells.
Aiming: Stone Arrow (dangerous; 19% risk of failure)
Press: ? - help, Shift-Dir - straight line, f/p - wight
Aim: a wight, wielding a +0 short sword, wearing a +0 robe and wearing a ring of willpower (heavily damaged, 68% to hit)
The stone arrow hits the wight!
You destroy the wight!
Your life force feels restored.
You have reached level 7!
Your demonic ancestry asserts itself...
A pair of antennae grows on your head!
There is a stone staircase leading down here.
There is a stone staircase leading up, spattered with blood here.
You climb upwards.
There is a stone staircase leading down, spattered with blood here.
(D) Dungeon
Where to? (Enter - D:4 @ (x,y), ? - help)
What level of the Dungeon? (default 1, ? - help)
There is a stone staircase leading up here.
You climb upwards.
There is a stone staircase leading down here.
There is a stone staircase leading up here.
You climb upwards.
There is a stone staircase leading down here.
Magic restored.
There is an open door here.
You see here a +0 robe.
There is a staircase leading out of the dungeon here.
Are you sure you want to leave the Dungeon?
This will make you lose the game!
You have escaped!

###.#...####.........####.......#
#.##.## ###.###.### ##..#####
#.#### #.....# ##.# #.#
###.#.#.### #.# #.######
#.........# #.#
#......###.#.#.#.#.#### #.#
#.####.......#.#......# #.# #.#
###.#.###.###.#.## #.#
#.######......@......####.#
#..)..##.#.###.###.#.#....#
#.###.#......#.#......#####
#.###..###.#.#.#.#.####
#........#.........#
############.#.#.### #.....#
#.###.# ###.###


There were no monsters in sight!

Vanquished Creatures
  A sky beast (D:3)
  3 wights
  2 orc priests
  Natasha (D:2)
  An iguana (D:4)
  2 orc wizards (D:4)
  5 adders
  A shadow imp (D:4)
  2 worms (D:2)
  2 dart slugs (D:1)
  11 orcs
  A ball python (D:1)
  8 bats
  10 endoplasms
  6 giant cockroaches
  5 goblins
  4 hobgoblins
  9 jackals
  3 quokkas
  2 frilled lizards
  3 kobolds
  7 rats
89 creatures vanquished.

Vanquished Creatures (others)
  2 plants (D:3)
2 creatures vanquished.

Grand Total: 91 creatures vanquished

Notes
Turn   | Place    | Note
-------+----------+-------------------------------------------
     0 | D:1      | protoss039 the Demonspawn Earth Elementalist began the
                  | quest for the Orb.
     0 | D:1      | Reached XP level 1. HP: 13/13 MP: 3/3
    86 | D:1      | Reached skill level 1 in Transmutations
   465 | D:1      | Reached skill level 1 in Fighting
   465 | D:1      | Gained mutation: You regenerate a little health from kills.
                  | [demonic ancestry]
   465 | D:1      | Reached XP level 2. HP: 15/21 MP: 5/5
  1275 | D:1      | Discovered your monstrous ancestry.
  1275 | D:1      | Gained mutation: Your touch may inflict minor irresistible
                  | damage on your foes. [demonic ancestry]
  1275 | D:1      | Reached XP level 3. HP: 26/26 MP: 6/6
  1547 | D:1      | Reached skill level 1 in Armour
  1896 | D:1      | Learned a level 2 spell: Passwall
  1900 | D:1      | Learned a level 3 spell: Stone Arrow
  2165 | D:2      | Found Jaon's Antique Weapon Shoppe.
  2195 | D:2      | Noticed Natasha
  2200 | D:2      | Killed Natasha
  2201 | D:2      | Reached skill level 2 in Fighting
  2201 | D:2      | Gained mutation: You regenerate health from kills. [demonic
                  | ancestry]
  2201 | D:2      | Reached XP level 4. HP: 15/33 MP: 4/7
  2360 | D:2      | Reached skill level 1 in Conjurations
  3264 | D:3      | Found Tiluyz's Jewellery Boutique.
  3647 | D:3      | Reached XP level 5. HP: 39/39 MP: 5/9
  4132 | D:4      | Reached skill level 3 in Fighting
  4177 | D:4      | Noticed a sky beast
  4270 | D:3      | Killed a sky beast
  4271 | D:3      | Gained mutation: You regenerate a lot of health from kills.
                  | [demonic ancestry]
  4271 | D:3      | Reached XP level 6. HP: 47/47 MP: 4/10
  4831 | D:4      | Found a transporter.
  4866 | D:4      | Reached skill level 4 in Fighting
  4950 | D:4      | Noticed MisterFreud's ghost (amateur PaFi)
  5030 | D:4      | Found a transporter.
  5402 | D:4      | Gained mutation: You have a pair of small antennae on your
                  | head. [demonic ancestry]
  5402 | D:4      | Reached XP level 7. HP: 53/54 MP: 7/12
  5473 | D:$      | Got out of the dungeon alive.

Illustrated notes

Levels and vault maps discovered:
D:1:      roderic_chinese_lattice_arrival, layout_loops_corners
D:2:      layout_basic, serial_shops, shop, uniq_natasha
D:3:      layout_basic, serial_shops, nicolae_diamond_shop,
          guppyfry_early_lair_pool
D:4:      layout_basic, serial_rivers, chequers_serial_rivers_room_a,
          chequers_serial_rivers_small_b, chequers_serial_rivers_room_b,
          chequers_serial_rivers_micro_d, chequers_serial_rivers_micro_d,
          chequers_serial_rivers_micro_c, gammafunk_ghost_mausoleum

Skill      XL: |  1  2  3  4  5  6 |
---------------+-------------------+-----
Transmutations | 1 |  1.0
Fighting       | 1 2 3 4 |  4.1
Earth Magic    | 3 |  3.8
Armour         | 1 2 |  2.4
Conjurations   | 1 2 |  2.5
Spellcasting   | 3 |  3.4
Dodging        | |  1.7
Stealth        | |  1.7

Action                   |  1- 3 |  4- 6 |  7- 9 || total
-------------------------+-------+-------+-------++-------
Melee: Dagger            |    62 |   153 |       ||   215
       Touch             |     6 |    40 |       ||    46
       Punch             |       |     3 |       ||     3
       Spear             |       |    34 |       ||    34
       Short sword       |       |    16 |       ||    16
 Cast: Sandblast         |    37 |    48 |       ||    85
       Stone Arrow       |       |     7 |       ||     7
 Stab: Sleeping          |       |     2 |       ||     2
Armor: Robe              |    13 |       |       ||    13
       Leather armour    |       |    94 |       ||    94
Dodge: Dodged            |    49 |   132 |       ||   181
